 Dungeon Crawl Stone Soup version 0.27.1-1-g398f81649c (webtiles) character file.

Game seed: 7537886583736253585

877 JBAR the Shield-Bearer (level 8, -6/67 HPs)
             Began as a Gnoll Fighter on Sept 14, 2021.
             Was an Initiate of Ru.
             Mangled by pkoi's ghost (17 damage)
             ... on level 5 of the Dungeon.
             The game lasted 00:07:41 (4806 turns).

JBAR the Shield-Bearer (Gnoll Fighter)              Turns: 4806, Time: 00:07:41

Health: -6/67      AC: 13    Str: 18      XL:     8   Next: 4%
Magic:  12/12      EV:  6    Int:  8      God:    Ru [......]
Gold:   197        SH: 10    Dex:  9 (11) Spells: 12/12 levels left

rFire    + . .     SeeInvis .   a - +2 war axe
rCold    + . .     Faith    .   c - +0 kite shield
rNeg     . . .     Spirit   .   e - +2 chain mail
rPois    +         Reflect  .   (no helmet)
rElec    +         Harm     .   k - +0 cloak
rCorr    +         Rampage  .   (no gloves)
Will     .....                  (no boots)
Stlth    ..........             (no amulet)
HPRegen  0.21/turn              (no ring)
MPRegen  0.13/turn              (no ring)

@: mighty, resistant, flying, studying Fire Magic
A: fangs 1, strong nose, distributed training
a: Renounce Religion


You were on level 5 of the Dungeon.
You worshipped Ru.
Ru was noncommittal.
You visited 2 branches of the dungeon, and saw 6 of its levels.

You collected 197 gold pieces.

Inventory:

Hand Weapons
 a - a +2 war axe (weapon)
Missiles
 s - 45 arrows
Armour
 c - a +0 kite shield (worn)
 e - a +2 chain mail (worn)
 k - a +0 cloak (worn)
Wands
 h - a wand of iceblast (9)
Scrolls
 f - 3 scrolls of torment {unknown}
 g - 2 scrolls of amnesia
 j - a scroll of vulnerability {unknown}
 m - 2 scrolls of magic mapping
Potions
 b - a potion of flight
 d - a potion of might
 n - a potion of mutation {unknown}
 q - a potion of berserk rage {unknown}
 r - a potion of brilliance {unknown}


   Skills:
 + Level 7.2 Fighting
 + Level 2.9 Short Blades
 + Level 2.9 Long Blades
 + Level 5.4 Axes
 + Level 2.9 Maces & Flails
 + Level 2.9 Polearms
 + Level 2.9 Staves
 + Level 2.9 Slings
 + Level 2.9 Bows
 + Level 2.9 Crossbows
 + Level 2.9 Throwing
 + Level 7.2 Armour
 + Level 2.9 Dodging
 + Level 2.9 Stealth
 + Level 7.2 Shields
 + Level 2.9 Unarmed Combat
 + Level 2.9 Spellcasting
 + Level 2.3 Conjurations
 + Level 2.3 Hexes
 + Level 2.3 Summonings
 + Level 2.3 Necromancy
 + Level 2.3 Translocations
 + Level 2.3 Transmutations
 + Level 3.0 Fire Magic
 + Level 2.3 Ice Magic
 + Level 2.3 Air Magic
 + Level 2.3 Earth Magic
 + Level 2.3 Poison Magic
 + Level 3.2 Invocations
 + Level 2.9 Evocations


You had 12 spell levels left.
You didn't know any spells.
Your spell library contained the following spells:

 Spells                   Type           Power      Damage    Failure   Level
 Corpse Rot               Necr/Air       N/A        N/A       99%         2
 Dazzling Flash           Conj/Hex       8%         N/A       100%        3
 Ignite Poison            Fire/Tmut/Pois 5%         N/A       100%        3
 Inner Flame              Hex/Fire       5%         N/A       100%        3
 Cause Fear               Hex            2%         N/A       100%        4
 Agony                    Necr           4%         N/A       100%        5
 Silence                  Hex/Air        2%         N/A       100%        5
 Simulacrum               Ice/Necr       2%         N/A       100%        6
 Discord                  Hex            2%         N/A       100%        8


Dungeon Overview and Level Annotations

Branches:
Dungeon (5/15)             Temple (1/1) D:5

Altars:
Ashenzari
Cheibriados
Dithmenos
Elyvilon
Gozag
Kikubaaqudgha
Makhleb
Nemelex Xobeh
Okawaru
Qazlal
Ru
Wu Jian
Xom
Zin

Annotations:
D:5 1 transporter, pkoi's ghost, novice TrMo


Innate Abilities, Weirdness & Mutations

You have very sharp teeth.
Your uncanny sense of smell can sniff out nearby items.
Your experience applies equally to all skills.


Message History

You block the quasit's attack.
The quasit bites you but does no damage.
The quasit claws you but does no damage. x2
Pkoi's ghost barely misses you.
You closely miss the quasit. x2; You hit pkoi's ghost.
You block the quasit's attack. x2; The quasit barely misses you.
The quasit bites you but does no damage.
The quasit claws you but does no damage.
The quasit barely misses you. Pkoi's ghost hits you. The quasit bites you.
You block the quasit's attack.
The quasit claws you but does no damage.
You block the quasit's attack. x2
The quasit claws you but does no damage.
Unknown command.
It was a potion of resistance.
You feel protected.
Pkoi's ghost hits you but does no damage.
You block the quasit's attack. x2
The quasit claws you but does no damage.
The quasit barely misses you.
The quasit claws you but does no damage. x2
You hit the quasit.
The quasit is moderately wounded.
You hit pkoi's ghost. You hit the quasit.
You kill the quasit!
The quasit bites you.
* * * LOW HITPOINT WARNING * * *
The quasit barely misses you. x2; Pkoi's ghost completely misses you.
The quasit bites you but does no damage.
The quasit barely misses you.
The quasit claws you but does no damage.
Pkoi's ghost hits you!
* * * LOW HITPOINT WARNING * * *
Your Fire Magic skill increases to level 3!
You barely miss the quasit. Your bite misses the quasit.
The quasit is moderately wounded.
You slash pkoi's ghost! You block the quasit's attack. x2
The quasit claws you but does no damage.
Pkoi's ghost hits you!
You die...

######## ##......######
##............#####
#....###©####.....# ####
#...##.###,.#####.## #...
#######..##.....,#...©#..# #...
....÷....#....#.,.#...##.# #...
########.#..##..#......#.# #... #
#..#...#..@..##..#.# #... #
#.##.#...W5#.....#.# #### #
#.#....###=..##.##.# #
#.##..#..=".)..5#..#
#######..###.,#####..##.## ####
...........####.©.####..######...
########.....................#.##
#.......<.(..########.#.##
#.....#+####.###...##.#.##


You could see a quasit and pkoi's ghost.

Vanquished Creatures
  Menkaure (D:5)
  A black bear (D:5)
  3 centaurs
  2 hounds (D:5)
  A jelly (D:5)
  3 quasits (D:5)
  Ijyb (D:5)
  Crazy Yiuf (D:2)
  3 iguanas
  4 adders
  A worm (D:2)
  3 dart slugs
  An orc (D:3)
  8 bats
  9 endoplasms
  2 giant cockroaches
  18 goblins
  8 hobgoblins
  2 jackals (D:2)
  5 quokkas
  4 ball pythons
  8 frilled lizards
  6 kobolds
  4 rats
99 creatures vanquished.

Vanquished Creatures (others)
  A fungus (D:1)
  6 plants
7 creatures vanquished.

Grand Total: 106 creatures vanquished

Notes
Turn   | Place    | Note
-------+----------+-------------------------------------------
     0 | D:1      | JBAR the Gnoll Fighter began the quest for the Orb.
     0 | D:1      | Reached XP level 1. HP: 23/23 MP: 1/1
   170 | D:1      | Got the Incunabulum of Igneous Dark Rituals
   209 | D:1      | Reached XP level 2. HP: 17/29 MP: 2/2
   414 | D:1      | Found a faded altar of an unknown god.
   426 | D:1      | Became a worshipper of Nemelex Xobeh the Trickster
   426 | D:1      | Reached * piety under Nemelex Xobeh
   426 | D:1      | Received a gift from Nemelex Xobeh
   574 | D:1      | Reached XP level 3. HP: 29/35 MP: 3/3
  1184 | D:2      | Reached skill level 1 in Invocations
  1288 | D:2      | Reached skill level 1 in Short Blades
  1288 | D:2      | Reached skill level 1 in Long Blades
  1288 | D:2      | Reached skill level 1 in Maces & Flails
  1288 | D:2      | Reached skill level 1 in Polearms
  1288 | D:2      | Reached skill level 1 in Staves
  1288 | D:2      | Reached skill level 1 in Slings
  1288 | D:2      | Reached skill level 1 in Bows
  1288 | D:2      | Reached skill level 1 in Crossbows
  1288 | D:2      | Reached skill level 1 in Throwing
  1288 | D:2      | Reached skill level 1 in Dodging
  1288 | D:2      | Reached skill level 1 in Stealth
  1288 | D:2      | Reached skill level 1 in Unarmed Combat
  1288 | D:2      | Reached skill level 1 in Spellcasting
  1288 | D:2      | Reached skill level 1 in Evocations
  1482 | D:2      | Found a broken altar of Ashenzari.
  1530 | D:2      | Reached ** piety under Nemelex Xobeh
  1550 | D:2      | Reached XP level 4. HP: 37/41 MP: 5/5
  1661 | D:2      | Found a runed translucent door.
  1662 | D:2      | Noticed Crazy Yiuf
  2013 | D:2      | Reached skill level 1 in Conjurations
  2013 | D:2      | Reached skill level 1 in Hexes
  2013 | D:2      | Reached skill level 1 in Summonings
  2013 | D:2      | Reached skill level 1 in Necromancy
  2013 | D:2      | Reached skill level 1 in Translocations
  2013 | D:2      | Reached skill level 1 in Transmutations
  2013 | D:2      | Reached skill level 1 in Fire Magic
  2013 | D:2      | Reached skill level 1 in Ice Magic
  2013 | D:2      | Reached skill level 1 in Air Magic
  2013 | D:2      | Reached skill level 1 in Earth Magic
  2013 | D:2      | Reached skill level 1 in Poison Magic
  2064 | D:2      | Killed Crazy Yiuf
  2065 | D:2      | Reached XP level 5. HP: 38/47 MP: 6/6
  2190 | D:3      | Found an ornate altar of the Wu Jian Council.
  2453 | D:3      | Received a gift from Nemelex Xobeh
  2799 | D:4      | Found an opulent altar of Gozag.
  2828 | D:4      | Noticed a centaur
  2828 | D:4      | Noticed a centaur
  2836 | D:4      | Killed a centaur
  2837 | D:4      | Reached XP level 6. HP: 41/53 MP: 8/8
  2838 | D:4      | Reached skill level 5 in Axes
  2941 | D:4      | Found a shimmering altar of Xom.
  3195 | D:5      | Entered Level 5 of the Dungeon
  3211 | D:5      | Noticed Menkaure
  3226 | D:5      | Killed Menkaure
  3227 | D:5      | Reached XP level 7. HP: 14/59 MP: 10/10
  3495 | D:5      | Found a transporter.
  3513 | D:5      | Noticed pkoi's ghost (novice TrMo)
  3527 | D:5      | Found a transporter.
  3808 | D:5      | Noticed Ijyb
  3809 | D:5      | Reached *** piety under Nemelex Xobeh
  3832 | D:5      | Killed Ijyb
  4606 | D:5      | Found a staircase to the Ecumenical Temple.
  4612 | Temple   | Entered the Ecumenical Temple
  4700 | Temple   | Fell from the grace of Nemelex Xobeh
  4700 | Temple   | Became a worshipper of Ru the Awakened
  4799 | D:5      | Reached XP level 8. HP: 16/67 MP: 12/12
  4806 | D:5      | Mangled by pkoi's ghost

Illustrated notes

Levels and vault maps discovered:
D:1:      dpeg_arrival_rhombi, layout_loops_ring,
          shapermc_ecumenical_altar_mp_urbaneastern, minmay_misc_feat_square
D:2:      minmay_door_path, layout_basic, basic_altar, minmay_hedge_maze,
          minmay_vboxes, uniq_crazy_yiuf_cottage
D:3:      layout_rooms, nicolae_wu_jian_immortal_techniques, bh_walls_and_bars
D:4:      cheibrodos_greedy_goblins, layout_cave_pools,
          lemuel_coloured_pillars_altar, grunt_gozag_statues,
          corexii_item_surrounded_by_moat, minmay_manual_mares
D:5:      layout_basic, minmay_temple_entry_fiery, gammafunk_ghost_stat_death,
          minmay_lizard_king, uniq_ijyb, uniq_menkaure
Temple:   compressed_dpeg_circular_temple

Skill      XL: |  1  2  3  4  5  6  7  8 |
---------------+-------------------------+-----
Invocations    | 1 2 3 |  3.2
Short Blades   | 1 2 |  2.9
Long Blades    | 1 2 |  2.9
Maces & Flails | 1 2 |  2.9
Polearms       | 1 2 |  2.9
Staves         | 1 2 |  2.9
Slings         | 1 2 |  2.9
Bows           | 1 2 |  2.9
Crossbows      | 1 2 |  2.9
Throwing       | 1 2 |  2.9
Dodging        | 1 2 |  2.9
Stealth        | 1 2 |  2.9
Unarmed Combat | 1 2 |  2.9
Spellcasting   | 1 2 |  2.9
Evocations     | 1 2 |  2.9
Conjurations   | 1 2 |  2.3
Hexes          | 1 2 |  2.3
Summonings     | 1 2 |  2.3
Necromancy     | 1 2 |  2.3
Translocations | 1 2 |  2.3
Transmutations | 1 2 |  2.3
Fire Magic     | 1 2 3 |  3.0
Ice Magic      | 1 2 |  2.3
Air Magic      | 1 2 |  2.3
Earth Magic    | 1 2 |  2.3
Poison Magic   | 1 2 |  2.3
Axes           | 5 |  5.4
Fighting       | 7 |  7.2
Armour         | 7 |  7.2
Shields        | 7 |  7.2

Action                   |  1- 3 |  4- 6 |  7- 9 || total
-------------------------+-------+-------+-------++-------
Melee: War axe           |   128 |   111 |    90 ||   329
       Bite              |    14 |     9 |     8 ||    31
  Use: Scroll            |       |    11 |       ||    11
       Potion            |       |       |     4 ||     4
Armor: Scale mail        |    11 |       |       ||    11
       Chain mail        |    48 |    84 |   153 ||   285
Dodge: Dodged            |    39 |    33 |    58 ||   130
Block: Kite shield       |    71 |    82 |    98 ||   251
